 Dungeon Crawl Stone Soup version 0.22.0-27-ga576289 (webtiles) character file.

1584 Monsterracer the Cleaver (level 8, -3/56 HPs)
             Began as a Black Draconian Chaos Knight on Aug 23, 2018.
             Was a Believer of Hepliaklqana.
             Slain by a small abomination (18 damage)
             ... summoned by the capriciousness of Xom
             ... on level 6 of the Dungeon.
             The game lasted 00:11:22 (7053 turns).

Monsterracer the Cleaver (DrCK)                     Turns: 7053, Time: 00:11:23

Health: -3/56      AC:  6    Str: 14    XL:     8   Next: 61%
Magic:  18/18      EV: 15    Int: 16    God:    Hepliaklqana [**....]
Gold:   146        SH:  0    Dex: 18    Spells: 6/7 levels left

rFire    + . .     SeeInvis .   a - +3 hand axe (drain)
rCold    x . .     Gourm    .   (no shield)
rNeg     . . .     Faith    .   (armour unavailable)
rPois    .         Spirit   .   (helmet restricted)
rElec    +         Reflect  .   (no cloak)
rCorr    .         Harm     .   (no gloves)
MR       +....     Rnd*Rage +   (no boots)
Stlth    ++........             (no amulet)
HPRegen  0.18/turn              f - ring of magical power
MPRegen  0.16/turn              o - ring "Daanae" {Fire +Inv MR+ Int+4 Dex+4}

@: no status effects
A: breathe lightning, unfitting armour, reduced essence, berserk 1, blurry
vision 2, deterioration 1, frail 1, screaming 1, electricity resistance,
cold-blooded, AC +6
a: Breathe Lightning, Recall Ancestor, Ancestor Identity, Renounce Religion,
Evoke Invisibility


You were on level 6 of the Dungeon.
You worshipped Hepliaklqana.
Hepliaklqana was pleased with you.
You were not hungry.

You visited 1 branch of the dungeon, and saw 6 of its levels.
You also visited: Sewer.

You collected 314 gold pieces.
You spent 168 gold pieces at shops.

Inventory:

Hand Weapons
 a - a +3 hand axe of draining (weapon)
 b - a +0 flail
Armour
 s - a +1 large shield of poison resistance
Jewellery
 f - a ring of magical power (left hand)
 o - the ring "Daanae" (right hand) {Fire +Inv MR+ Int+4 Dex+4}
   (You found it on level 6 of the Dungeon)

   [ring of fire]

   It enhances your fire magic.
   It affects your intelligence (+4).
   It affects your dexterity (+4).
   It protects you from fire.
   It makes you vulnerable to cold.
   It affects your resistance to hostile enchantments.
   It lets you turn invisible.
Scrolls
 g - 4 scrolls of remove curse
 i - 3 scrolls of teleportation {!r}
 j - 2 scrolls of fear {!r}
 n - 3 scrolls of magic mapping {!r}
 q - a scroll of enchant armour
Potions
 d - 4 potions of curing
 h - 2 potions of berserk rage {!q}
 k - a potion of agility
 l - 3 potions of flight
 m - a potion of lignification
 p - a potion of might
 r - a potion of magic {unknown}
Comestibles
 c - 14 rations
 t - 2 chunks of flesh


   Skills:
 + Level 6.9 Fighting
 * Level 8.6 Axes
 + Level 4.3 Dodging
 + Level 0.8 Shields
 + Level 2.0 Invocations


You had 6 spell levels left.
You knew the following spells:

 Your Spells              Type           Power        Failure   Level  Hunger
z - Apportation           Tloc           #.....       26%         1    ##.....

Your spell library contained the following spells:

 Spells                   Type           Power        Failure   Level  Hunger
 Animate Skeleton         Necr           N/A          26%         1    ##.....
 Confusing Touch          Hex            #.....       26%         1    ##.....
 Summon Small Mammal      Summ           #...         26%         1    ##.....


Dungeon Overview and Level Annotations

Branches:
Dungeon (6/15)             Temple (0/1) D:4

Altars:
Elyvilon
Gozag
Hepliaklqana
Kikubaaqudgha
Makhleb
Nemelex Xobeh
Ru
Xom
Yredelemnul

Shops:
D:5 :   D:6 *

Annotations:
D:4 3 runed doors, adept's ghost, amateur HOMo


Innate Abilities, Weirdness & Mutations

You can breathe wild blasts of lightning.
Your glossy black scales are hard. (AC +6)
You cannot fit into any form of body armour.
You are resistant to electric shocks. (rElec)
You are cold-blooded and may be slowed by cold attacks.
Your life essence is reduced to manifest your ancestor. (-10% HP)
You tend to lose your temper in combat.
Scrolls take you longer to read.
Your body sometimes deteriorates upon taking damage.
You are frail. (-10% HP)
You occasionally shout uncontrollably at your foes.


Message History

Bammagunk hits the orc priest with a flail.
The orc priest invokes the aid of Beogh against you.
Beogh smites you! The orc wizard casts a spell at you. The magic dart hits you!
You take 18 damage, and have 38/56 hp.
MASSIVE DAMAGE!!
You are too injured to fight recklessly!
You are too injured to fight recklessly!
The orc priest misses you.
The orc priest closely misses bammagunk.
Bammagunk hits the orc priest with a flail!
The orc priest dies!
The orc wizard gestures at you while chanting.
The magic dart hits you!
You are too injured to fight recklessly!
You take 2 damage, and have 36/56 hp.
You are too injured to fight recklessly!
The orc wizard hits you but does no damage.
You hit the orc wizard but do no damage.
You tail-slap the orc wizard, but do no damage.
You closely miss the orc wizard.
Your tail-slap misses the orc wizard.
The orc wizard hits you but does no damage.
You hit the orc wizard.
The orc wizard is lightly wounded.
The orc wizard misses you.
Bammagunk hits the orc wizard with a flail!
You hit the orc wizard.
The orc wizard is almost dead.
The orc wizard closely misses you.
Bammagunk hits the orc wizard but does no damage.
You hit the orc wizard.
You kill the orc wizard!
Your Invocations skill increases to level 2!
Things that are here:
a dagger; a robe; an orc corpse You butcher the orc corpse.
t - 3 chunks of flesh
Things that are here:
a dagger; a robe Eating one of 3 chunks of flesh.
You eat one of the 3 chunks of flesh.
This raw flesh tastes terrible.
Key pressed, stopping explore.
Unknown command.
You regained 15 hp, and now have 52/56 hp.
c - 14 rations (gained 1)
An iguana comes into view.
Health restored: 56 An iguana is nearby!
An iguana is nearby!
An iguana is nearby!
You hit the iguana.
The iguana is moderately wounded.
Bammagunk hits the iguana but does no damage.
An iguana is nearby!
You hit the iguana.
The iguana is severely wounded.
The iguana bites you!
Bammagunk hits the iguana with a flail.
An iguana is nearby!
You take 9 damage, and have 47/56 hp.
You hit the iguana.
You kill the iguana!
No target in view!
Xom notices you. A chorus of moans calls out to you!
There are monsters nearby!
You hit the small abomination but do no damage.
You hit the small abomination. You hit the small abomination.
You tail-slap the small abomination, but do no damage.
The small abomination is moderately damaged.
You hit the small abomination. The small abomination misses you.
The small abomination hits you.
Bammagunk hits the small abomination with a flail.
There are monsters nearby!
You take 1 damage, and have 47/56 hp.
You slash the small abomination!
The small abomination is heavily damaged.
You hit the small abomination but do no damage.
The small abomination hits you. The small abomination hits you!
You take 17 damage, and have 30/56 hp.
MASSIVE DAMAGE!!
You are too injured to fight recklessly!
You barely miss the small abomination.
The small abomination is heavily damaged.
You hit the small abomination.
The small abomination barely misses you.
Bammagunk barely misses the small abomination.
The small abomination barely misses you.
You slash the small abomination!
The small abomination is severely damaged.
You hit the small abomination but do no damage.
The small abomination hits you!
* * * LOW HITPOINT WARNING * * *
Bammagunk closely misses the small abomination.
The small abomination completely misses you.
You take 15 damage, and have 15/56 hp.
MASSIVE DAMAGE!!
Bammagunk hits the small abomination with a flail!
You hit the small abomination.
The small abomination is almost destroyed.
The small abomination hits bammagunk.
The small abomination hits you!!
You die...

........##......................
#.....##....###.P.P.###.......
+.....#.....+...P∩..###.......
#.....#.....###......##.......
#.....'.>............##.......
#.....#..<..####........P.....
#######.)...##.........###...#
#....x##.........# #...#
#.##.Rx@.........# #####
...##)...†........#
######....##.......#
.....'..).+.........
.#####....#####..... #....#
##(#### #....# #.?..# #....#


You could see the friendly bammagunk the knight and 2 small abominations.

Vanquished Creatures
  2 ogres
  A big kobold (D:5)
  Blork the orc (D:4)
  A crimson imp (D:6)
  4 orc priests
  2 jellies
  A hound (D:6)
  A centaur skeleton (D:5)
  An iguana (D:6)
  8 orc wizards
  2 worker ants (D:6)
  3 gnolls
  7 adders
  An ooze (D:1)
  An adder skeleton (D:5)
  4 worms
  2 dart slugs (D:1)
  4 leopard geckos
  16 orcs
  5 ball pythons
  5 bats
  6 giant cockroaches
  6 goblins
  5 hobgoblins
  8 jackals
  10 kobolds
  3 quokkas (D:3)
  3 frilled lizards
  11 rats
124 creatures vanquished.

Vanquished Creatures (collateral kills)
  An ice beast (D:5)
  An ogre (D:4)
  A crimson imp (D:5)
  2 orc wizards (D:5)
  3 orc priests
  3 worker ants
  A gnoll (D:5)
  3 adder skeletons
  A worm (D:3)
  5 orcs
  A goblin (D:2)
  2 jackals (D:3)
  2 bats
  A frilled lizard (Sewer)
27 creatures vanquished.

Vanquished Creatures (others)
  An ooze (D:2)
  A dart slug (D:2)
  2 ancestors (D:4)
4 creatures vanquished.

Grand Total: 155 creatures vanquished

Notes
Turn   | Place    | Note
-------+----------+-------------------------------------------
     0 | D:1      | Monsterracer the Draconian Chaos Knight began the quest for the Orb.
     0 | D:1      | Reached XP level 1. HP: 19/19 MP: 1/1
    43 | D:1      | XOM: potion effect (invisibility)
    81 | D:1      | XOM: divination: magic mapping
    93 | D:1      | Reached XP level 2. HP: 21/26 MP: 2/2
   591 | D:1      | Reached XP level 3. HP: 32/33 MP: 3/3
   989 | D:2      | Reached skill level 4 in Axes
  1065 | D:2      | XOM: confuse monster(s)
  1101 | D:2      | XOM: mild Summ miscast
  1164 | D:2      | XOM: divination: magic mapping
  1273 | D:2      | XOM: silly message
  1336 | D:2      | Found a hazy altar of Hepliaklqana.
  1367 | D:2      | Fell from the grace of Xom
  1367 | D:2      | Became a worshipper of Hepliaklqana the Forgotten
  1402 | D:2      | Reached XP level 4. HP: 36/36 MP: 4/4
  1500 | D:2      | XOM: scenery: create altars
  1814 | D:3      | Found a sparkling altar of Nemelex Xobeh.
  1896 | D:3      | HP: 17/36 [orc/hand axe (3)]
  1966 | D:3      | XOM: medium Tmut miscast
  2003 | D:3      | XOM: god gift: scroll labeled KAJUXAKHUO {god gift}
  2012 | D:3      | Gained mutation: Your body sometimes deteriorates upon taking damage. [mutagenic glow]
  2146 | D:3      | XOM: torment (19/36 hp)
  2313 | D:3      | Reached skill level 5 in Axes
  2313 | D:3      | Reached XP level 5. HP: 42/42 MP: 5/5
  2512 | D:3      | Reached * piety under Hepliaklqana
  2990 | D:3      | XOM: medium Pois miscast
  3137 | D:4      | Found a glowing drain.
  3151 | D:4      | Noticed Blork the orc
  3175 | D:4      | HP: 19/42 [Blork the orc/hand axe of draining (3)]
  3177 | D:4      | Killed Blork the orc
  3177 | D:4      | Reached skill level 5 in Fighting
  3177 | D:4      | Reached XP level 6. HP: 22/50 MP: 6/6
  3177 | D:4      | Reached skill level 6 in Axes
  3183 | D:4      | HP: 22/50 [orc/flail (1)]
  3317 | Sewer    | Entered a sewer
  3587 | Sewer    | XOM: give mutations
  3587 | Sewer    | Gained mutation: Scrolls take you a little longer to read. [Xom's mischief]
  3587 | Sewer    | Gained mutation: You tend to lose your temper in combat. [Xom's mischief]
  3664 | D:4      | XOM: divination: magic mapping
  3726 | D:4      | Noticed adept's ghost (amateur HOMo)
  3734 | D:4      | Found a runed gate.
  3734 | D:4      | Found a runed gate.
  3737 | D:4      | Found a runed gate.
  3821 | D:4      | XOM: give mutations
  3821 | D:4      | Gained mutation: Scrolls take you longer to read. [Xom's mischief]
  3821 | D:4      | Gained mutation: You occasionally shout uncontrollably at your foes. [Xom's mischief]
  3821 | D:4      | Gained mutation: You are frail. (-10% HP) [Xom's mischief]
  3899 | D:4      | Found a staircase to the Ecumenical Temple.
  4027 | D:4      | Reached ** piety under Hepliaklqana
  4028 | D:4      | Remembered your ancestor bammagunk as a knight
  4216 | D:4      | Found an opulent altar of Gozag.
  4216 | D:4      | Found a white marble altar of Elyvilon.
  4217 | D:4      | Found a sacrificial altar of Ru.
  4226 | D:4      | Found a burning altar of Makhleb.
  4231 | D:4      | Found a basalt altar of Yredelemnul.
  4339 | D:4      | Learned a level 1 spell: Apportation
  4595 | D:5      | Entered Level 5 of the Dungeon
  4603 | D:5      | Your scales start taking on a glossy black colour.
  4603 | D:5      | Reached XP level 7. HP: 39/48 MP: 7/7
  4603 | D:5      | Gained mutation: You are resistant to electric shocks. (rElec) [Black Draconian growth]
  4682 | D:5      | HP: 20/49 [orc priest/hand axe (5)]
  5002 | D:5      | Reached skill level 7 in Axes
  5210 | D:5      | HP: 23/50 [orc priest/divine providence (17)]
  5395 | D:5      | HP: 37/75 [poisoned by an orc]
  5400 | D:5      | HP: 18/50 [poisoned by an orc]
  5405 | D:5      | HP: 14/50 [poisoned by an orc]
  5410 | D:5      | HP: 12/50 [poisoned by an orc]
  5419 | D:5      | HP: 11/50 [poisoned by an orc]
  5726 | D:5      | Found Liheg's Book Boutique.
  5741 | D:5      | HP: 22/50 [orc priest/nerve-wracking pain (9)]
  5742 | D:5      | HP: 9/50 [orc priest/nerve-wracking pain (13)]
  6048 | D:5      | Reached XP level 8. HP: 36/56 MP: 8/8
  6270 | D:5      | Found an ancient bone altar of Kikubaaqudgha.
  6309 | D:5      | Reached skill level 8 in Axes
  6525 | D:6      | Reached skill level 1 in Invocations
  6527 | D:6      | HP: 26/56 [worker ant (5)]
  6532 | D:6      | HP: 19/56 [poisoned by a worker ant]
  6538 | D:6      | HP: 17/56 [poisoned by a worker ant]
  6544 | D:6      | HP: 16/56 [poisoned by a worker ant]
  6552 | D:6      | HP: 16/56 [poisoned by a worker ant]
  6663 | D:6      | XOM: noise
  6801 | D:6      | XOM: medium Chrm miscast
  6802 | D:6      | Found Fapiud's Assorted Antiques.
  6804 | D:6      | Got a sparkling bronze ring
  6809 | D:6      | Identified the ring "Daanae" {Fire +Inv MR+ Int+4 Dex+4} (You found it on level 6 of the Dungeon)
  6814 | D:6      | XOM: swap monsters
  6828 | D:6      | Bought a murky yellow potion for 18 gold pieces
  6828 | D:6      | Bought a shiny large shield for 150 gold pieces
  7045 | D:6      | XOM: medium Summ miscast
  7051 | D:6      | HP: 15/56 [small abomination[the capriciousness of Xom] (15)]
  7053 | D:6      | Slain by a small abomination

Skill      XL: |  1  2  3  4  5  6  7  8 |
---------------+-------------------------+-----
Axes           | 4 5 6 7 8 |  8.6
Fighting       | 4 5 6 |  6.9
Dodging        | 3 4 |  4.3
Invocations    | 2 |  2.0
Shields        | |  0.8

Action                   |  1- 3 |  4- 6 |  7- 9 || total
-------------------------+-------+-------+-------++-------
Melee: Hand axe          |    88 |   110 |   111 ||   309
       Tailslap          |     9 |    11 |    18 ||    38
       War axe           |       |    23 |       ||    23
Invok: Ancestor Identity |       |     1 |       ||     1
       Recall Ancestor   |       |     1 |     2 ||     3
       Ancestor Life: Kn |       |     1 |       ||     1
  Use: Scroll            |       |    12 |     3 ||    15
 Stab: Invisible         |     2 |       |       ||     2
       Sleeping          |     2 |     1 |       ||     3
       Paralysed         |     1 |     1 |       ||     2
       Distracted        |       |     1 |     2 ||     3
  Eat: Chunk             |     1 |     8 |     7 ||    16
       Ration            |       |     1 |       ||     1
Armor: Skin              |    27 |    35 |    23 ||    85
Dodge: Dodged            |    49 |   112 |    73 ||   234

Vault maps used:
D:1:      lemuel_arrival_hallway
D:2:      lemuel_crystal_altar
D:3:      nemelex_xobeh_ov_fountains_minmay
D:4:      minitemple, gammafunk_ghost_split, cheibrodos_sewer_entry_drain,
          uniq_blork_the_orc
D:5:      nicolae_overflow_hidden_temple, first_ration, serial_shops, shop
D:6:      minmay_opposing_rooms, marbit_many_paths, serial_shops,
          nicolae_shop_overgrown_old_shop, st_stairs_8
Sewer:    sewer_fruit_machine
